 Dungeon Crawl Stone Soup version 0.28-a0-1567-g1695149f81 (webtiles) character file.

Game seed: 3879828750500021979

4180 a3don the Conjurer (level 9, -2/72 HPs)
             Began as a Demigod Conjurer on Jan 20, 2022.
             Slain by a vampire mosquito (8 damage)
             ... on level 8 of the Dungeon.
             The game lasted 00:27:28 (10832 turns).

a3don the Conjurer (Demigod Conjurer)              Turns: 10832, Time: 00:27:29

Health: -2/72      AC:  6    Str: 12    XL:     9   Next: 81%
Magic:  4/19       EV: 13    Int: 28    God:
Gold:   363        SH:  5    Dex: 12    Spells: 7/17 levels left

rFire   . . .      SeeInvis .   G - +2 short sword (drain)
rCold   . . .      Faith    .   (no shield)
rNeg    . . .      Spirit   .   a - +0 robe
rPois   +          Reflect  +   (no helmet)
rElec   .          Harm     .   (no cloak)
rCorr   .          Rampage  .   (no gloves)
Will    .....                   (no boots)
Stlth   ++........              h - amulet of reflection
HPRegen 0.22/turn               u - ring of poison resistance
MPRegen 0.16/turn               x - +4 ring of protection

@: brilliant
A: high mp 1, forlorn, divine attributes
a: no special abilities


You were on level 8 of the Dungeon.
You visited 1 branch of the dungeon, and saw 8 of its levels.

You collected 405 gold pieces.
You spent 42 gold pieces at shops.

Inventory:

Hand Weapons
 f - a +0 short sword
 i - a +0 short sword of speed
 m - a +1 whip of freezing
 p - a +0 shortbow
 v - a +0 rapier
 A - a +0 war axe
 D - a +1 rapier of speed
 E - a +1 whip of electrocution
 G - a +2 short sword of draining (weapon)
 H - a +2 trident of venom
Missiles
 c - 304 stones
 k - 8 curare-tipped darts
 q - 102 arrows
 s - 4 javelins
 t - 30 sling bullets
 F - 11 poisoned darts (quivered)
Armour
 a - a +0 robe (worn)
Jewellery
 e - a ring of positive energy
 h - an amulet of reflection (around neck)
 o - an amulet of guardian spirit
 u - a ring of poison resistance (left hand)
 x - a +4 ring of protection (right hand)
 y - a ring of protection from fire
Wands
 C - a wand of paralysis (7)
Scrolls
 n - 3 scrolls of brand weapon {unknown}
 r - 2 scrolls of teleportation
 B - a scroll of enchant weapon {unknown}
Potions
 b - a potion of brilliance
 d - 2 potions of mutation
 g - 4 potions of heal wounds
 j - a potion of resistance
 l - 2 potions of flight
 w - a potion of curing {unknown}
 z - a potion of berserk rage {unknown}


   Skills:
 + Level 4.4 Fighting
 - Level 2.0 Short Blades
 + Level 5.1 Dodging
 - Level 2.4 Stealth
 + Level 4.9 Spellcasting
 * Level 7.7 Conjurations
 * Level 6.4 Fire Magic
 + Level 3.1 Earth Magic


You had 7 spell levels left.
You knew the following spells:

 Your Spells              Type           Power      Damage    Failure   Level
a - Magic Dart            Conj           100%       1d8       1%          1
b - Sticky Flame          Conj/Fire      63%        2d8       3%          4
c - Stone Arrow           Conj/Erth      100%       3d13      2%          3
d - Passwall              Tmut/Erth      19%        N/A       5%          2

Your spell library contained the following spells:

 Spells                   Type           Power      Damage    Failure   Level
 Sandblast                Erth           72%        2d16      1%          1
 Searing Ray              Conj           100%       2d8       1%          2
 Conjure Flame            Conj/Fire      63%        6-21      1%          3
 Dazzling Flash           Conj/Hex       84%        N/A       4%          3
 Animate Skeleton         Necr           20%        N/A       7%          1
 Apportation              Tloc           20%        N/A       7%          1
 Summon Small Mammal      Summ           40%        N/A       7%          1
 Ignite Poison            Fire/Tmut/Pois 28%        N/A       9%          3
 Fireball                 Conj/Fire      31%        3d13      11%         5
 Fulminant Prism          Conj/Hex       21%        3d13      14%         4
 Iskenderun's Mystic Bla  Conj/Tloc      42%        2d10      14%         4
 Lightning Bolt           Conj/Air       21%        1d36      36%         5
 Starburst                Conj/Fire      31%        6d10      50%         6
 Airstrike                Air            5%         N/A       56%         4
 Summon Lightning Spire   Summ/Air       10%        N/A       56%         4
 Ignition                 Fire           29%        3d9       100%        8


Dungeon Overview and Level Annotations

Branches:
Dungeon (8/15)             Temple (0/1) D:6
   Lair: D:8-11

Shops:
D:5 *


Innate Abilities, Weirdness & Mutations

You have an increased reservoir of magic. (+10% MP)
You shall have no god before yourself.
Your divine heritage dramatically boosts your attributes as you level up.


Message History

You block the vampire mosquito's attack.
The vampire mosquito bites you.
The vampire mosquito draws strength from your injuries!
You barely miss the vampire mosquito.
The vampire mosquito is lightly damaged.
You block the vampire mosquito's attack.
The vampire mosquito closely misses you.
You hit the vampire mosquito. Your punch misses the vampire mosquito.
The vampire mosquito is lightly damaged.
The vampire mosquito bites you!
* * * LOW HITPOINT WARNING * * *
The vampire mosquito draws strength from your injuries!
You block the vampire mosquito's attack.
Okay, then.
Okay, then.
You miss the vampire mosquito. The vampire mosquito bites you!
* * * LOW HITPOINT WARNING * * *
The vampire mosquito draws strength from your injuries!
You block the vampire mosquito's attack.
You hit the vampire mosquito.
The vampire mosquito is lightly damaged.
The vampire mosquito misses you. The vampire mosquito bites you!
* * * LOW HITPOINT WARNING * * *
The vampire mosquito draws strength from your injuries!
You feel much better. The vampire mosquito misses you.
The vampire mosquito bites you!
The vampire mosquito draws strength from your injuries!
You feel clever all of a sudden. The vampire mosquito bites you!
* * * LOW HITPOINT WARNING * * *
The vampire mosquito draws strength from your injuries!
The vampire mosquito closely misses you.
You closely miss the vampire mosquito. The vampire mosquito bites you!
* * * LOW HITPOINT WARNING * * *
The vampire mosquito draws strength from your injuries!
The vampire mosquito bites you!
* * * LOW HITPOINT WARNING * * *
The vampire mosquito draws strength from your injuries!
You barely miss the vampire mosquito. The vampire mosquito bites you!
You die...

####... ....... .......
....... ## .......
.###### ....# ......##
####..###..
....#..#######†y@.......
...............##.......
....###.######## ..#..##
....# #..# .....#
......##.# ..... ......
y# .##..# #...... y. .#
.## ###.... .#y .# #
####. .y..


You could see a vampire mosquito.

Vanquished Creatures
  Sigmund (D:5)
  A wyvern (D:7)
  A steam dragon (D:7)
  3 vampire mosquitoes (D:8)
  4 water moccasins
  4 sky beasts
  2 necrophages
  3 orc warriors (D:8)
  2 black bears
  An ogre (D:5)
  2 centaurs
  2 phantoms
  2 kobold brigands
  A bullfrog (D:8)
  A wyvern zombie (D:7)
  2 scorpions
  A wyvern skeleton (D:7)
  5 killer bees
  3 wights (D:7)
  3 howler monkeys
  A crimson imp (D:3)
  A centaur zombie (D:7)
  A bullfrog zombie (D:7)
  3 jellies
  A gnoll shaman (D:7)
  4 iguanas
  3 orc wizards
  A hound skeleton (D:4)
  5 adders
  3 gnolls (D:7)
  A river rat (D:3)
  A shadow imp (D:6)
  A white imp (D:6)
  An ufetubus (D:5)
  An adder skeleton (D:4)
  3 worms
  A dart slug (D:4)
  11 orcs
  5 bats
  An endoplasm (D:1)
  3 giant cockroaches
  A hobgoblin (D:1)
  4 quokkas
  8 ball pythons
  A frilled lizard (D:1)
  9 goblins
  11 kobolds
  4 rats
134 creatures vanquished.

Notes
Turn   | Place    | Note
-------+----------+-------------------------------------------
     0 | D:1      | a3don the Demigod Conjurer began the quest for the Orb.
     0 | D:1      | Reached XP level 1. HP: 14/14 MP: 5/5
   778 | D:1      | Reached XP level 2. HP: 20/20 MP: 4/7
  1782 | D:2      | Reached XP level 3. HP: 26/26 MP: 4/8
  2375 | D:3      | Reached skill level 4 in Conjurations
  2928 | D:3      | Reached XP level 4. HP: 25/34 MP: 4/10
  2933 | D:3      | Reached skill level 1 in Short Blades
  3173 | D:3      | Learned a level 4 spell: Sticky Flame
  3323 | D:3      | Reached skill level 1 in Fighting
  3926 | D:4      | Reached skill level 1 in Fire Magic
  3926 | D:4      | Reached XP level 5. HP: 9/40 MP: 1/11
  4855 | D:4      | Noticed a necrophage
  4873 | D:4      | Killed a necrophage
  4874 | D:4      | Reached XP level 6. HP: 29/48 MP: 0/13
  5475 | D:5      | Entered Level 5 of the Dungeon
  5650 | D:5      | Found Iruramarr's General Store.
  5653 | D:5      | Bought a scroll of teleportation for 42 gold pieces
  5877 | D:5      | Reached skill level 5 in Conjurations
  5919 | D:5      | Noticed Sigmund
  5931 | D:5      | Killed Sigmund
  5932 | D:5      | Reached XP level 7. HP: 55/56 MP: 9/15
  7103 | D:6      | Reached XP level 8. HP: 53/62 MP: 11/16
  7277 | D:6      | Learned a level 3 spell: Stone Arrow
  7310 | D:6      | Reached skill level 6 in Conjurations
  7503 | D:6      | Found a staircase to the Ecumenical Temple.
  7784 | D:6      | Reached skill level 1 in Earth Magic
  8585 | D:7      | Reached skill level 5 in Fire Magic
  8646 | D:7      | Learned a level 2 spell: Passwall
  9051 | D:7      | Reached XP level 9. HP: 71/71 MP: 7/18
  9409 | D:7      | Reached skill level 7 in Conjurations
 10540 | D:8      | Reached skill level 5 in Dodging
 10832 | D:8      | Slain by a vampire mosquito

Illustrated notes

Levels and vault maps discovered:
D:1:      dpeg_arrival_line_fractal, layout_loops_corners
D:2:      layout_loops_corners
D:3:      layout_rooms, grunt_temple_overflow_lords_of_destruction,
          portal_sewer_entry_a, hellmonk_ecumenical_altar_leap_of_faith
D:4:      layout_basic, grunt_gozag_statues, lemuel_round_altar,
          minmay_misc_feat_plants
D:5:      layout_loops_ring, serial_shops, shop, serial_bayou_crossing,
          uniq_sigmund
D:6:      layout_loops_ring, nicolae_kikubaaqudgha_miasma_corner,
          minmay_temple_entry_tees, hangedman_decor_riveting
D:7:      nicolae_cairo_tiling_large, layout_basic,
          nicolae_overflow_hidden_temple
D:8:      minmay_the_grid_triangle_9x9_recursive_2
          [minmay_the_grid_triangle_9x9_prize_top_heavy,
          minmay_the_grid_triangle_9x9_alien,
          minmay_the_grid_triangle_9x9_flanged_cone,
          minmay_the_grid_triangle_9x9_stretched_checkered], layout_rooms,
          mainiacjoe_overflow_six_doors_small, nicolae_elyvilon_peaceful_grove,
          mainiacjoe_overflow_alcove_2, enter_bailey_2

Skill      XL: |  1  2  3  4  5  6  7  8  9 |
---------------+----------------------------+-----
Dodging        | 2 3 4 5 |  5.1
Stealth        | 2 |  2.4
Spellcasting   | 2 3 4 |  4.9
Conjurations   | 4 5 6 7 |  7.7
Short Blades   | 1 2 |  2.0
Fighting       | 1 2 3 4 |  4.4
Fire Magic     | 1 2 3 4 5 6 |  6.4
Earth Magic    | 1 3 |  3.1

Action                   |  1- 3 |  4- 6 |  7- 9 || total
-------------------------+-------+-------+-------++-------
Melee: Unarmed           |     8 |       |       ||     8
       Short sword       |     1 |    11 |    70 ||    82
       Rapier            |       |       |    21 ||    21
       Punch             |       |       |     2 ||     2
       War axe           |       |       |     4 ||     4
Throw: Dart              |       |       |     1 ||     1
 Cast: Magic Dart        |    79 |   102 |    43 ||   224
       Sticky Flame      |       |     7 |    59 ||    66
       Stone Arrow       |       |       |    18 ||    18
  Use: Scroll            |     4 |     1 |     4 ||     9
       Potion            |       |       |     3 ||     3
 Stab: Sleeping          |       |     1 |     1 ||     2
Armor: Robe              |     3 |    10 |    28 ||    41
Dodge: Dodged            |    19 |    30 |   126 ||   175
Block: Other             |       |       |    56 ||    56
       Reflection        |       |       |     2 ||     2

Table legend: (Time is in decaauts)
 A = Elapsed time spent in this place.
 B = Non-inter-level travel time spent in this place.
 C = Inter-level travel time spent in this place.
 D = Time resting spent in this place.
 E = Time spent auto-exploring this place.
 F = Levels seen in this place.
 G = Mean time per level.
                   A        B        C        D        E       F      G
               +--------+--------+--------+--------+--------+-----+--------+
         Total |  10825 |  10496 |    329 |   3349 |   5976 |   8 | 1353.1 |
       Dungeon |  10825 |  10496 |    329 |   3349 |   5976 |   8 | 1353.1 |
               +--------+--------+--------+--------+--------+-----+--------+

Top non-repeatable levels by time:
     D:7: 1987 daAuts
     D:4: 1722 daAuts
     D:5: 1602 daAuts
     D:6: 1457 daAuts
     D:1: 1349 daAuts
     D:3: 1215 daAuts
     D:2: 1187 daAuts
     D:8: 303 daAuts
